 Dungeon Crawl Stone Soup version 0.29.1-12-g30fa7ad0bf (webtiles) character file.

Game seed: 11805814230804542437

2002 DildoBatman the Merchant of Misery (level 9, -6/63 HPs)
             Began as a Formicid Conjurer on Dec 27, 2022.
             Was a Believer of Kikubaaqudgha.
             Mangled by an orc knight
             ... wielding a +0 war axe
              (23 damage)
             ... in a bailey.
             The game lasted 00:17:38 (5480 turns).

DildoBatman the Merchant of Misery (FoCj)           Turns: 5480, Time: 00:17:39

Health: -6/63      AC:  5    Str: 11    XL:     9   Next: 45%
Magic:  2/19       EV: 12    Int: 23    God:    Kikubaaqudgha [**....]
Gold:   174        SH:  0    Dex: 12    Spells: 16/22 levels left

rFire   . . .      SeeInvis +   a - staff of conjuration
rCold   . . .      Faith    .   (no shield)
rNeg    . . .      Spirit   .   B - +0 steam dragon scales
rPois   +          Reflect  .   (helmet unavailable)
rElec   .          Harm     .   H - scarf {shadows}
rCorr   .          Rampage  .   (no gloves)
Will    .....      Clarity  +   (no boots)
Stlth   ++........              m - amulet of magic regeneration
HPRegen 0.20/turn               u - ring of poison resistance
MPRegen 0.56/turn               (no ring)

@: no status effects
A: permanent stasis, dig shafts and tunnels, antennae 3, four strong arms,
clarity
a: Dig, Renounce Religion, Unearth Wretches


You were in a bailey.
You worshipped Kikubaaqudgha.
Kikubaaqudgha was pleased with you.
You visited 2 branches of the dungeon, and saw 8 of its levels.
You also visited: Bailey.

You collected 310 gold pieces.
You spent 136 gold pieces at shops.

Inventory:

Hand Weapons
 b - a +0 short sword of electrocution
 c - a +0 sling
Missiles
 i - 66 stones
 w - 6 poisoned darts
 y - 3 throwing nets
 D - 3 boomerangs of dispersal
 G - 5 boomerangs
Armour
 x - a +2 robe of cold resistance
 B - +0 steam dragon scales (worn)
 C - a +2 ring mail of poison resistance
 H - a scarf of shadows (worn)
Magical Staves
 a - a staff of conjuration (weapon)
Jewellery
 m - an amulet of magic regeneration (around neck)
 u - a ring of poison resistance (left hand)
Wands
 k - a wand of acid (5)
Scrolls
 f - 2 scrolls of fear {unknown}
 j - a scroll of acquirement
 l - 2 scrolls of enchant weapon
 n - 4 scrolls of poison
 p - a scroll of noise {unknown}
 r - a scroll of fog {unknown}
 s - 3 scrolls of teleportation {unknown}
 v - a scroll of amnesia {unknown}
 z - 6 scrolls of identify
Potions
 d - 4 potions of heal wounds {unknown}
 e - 2 potions of attraction {unknown}
 g - 3 potions of flight {unknown}
 h - 2 potions of might {unknown}
 o - 4 potions of degeneration {unknown}
 q - a potion of magic
 t - a potion of lignification {unknown}
 A - a potion of haste {unknown}
 E - a potion of curing {unknown}
 F - a potion of brilliance {unknown}


   Skills:
 - Level 3.0 Fighting
 - Level 3.0 Armour
 - Level 2.0 Dodging
 - Level 2.4 Stealth
 - Level 7.0 Spellcasting
 - Level 5.1 Conjurations
 * Level 7.6 Necromancy


You had 16 spell levels left.
You knew the following spells:

 Your Spells              Type           Power      Damage    Failure   Level
a - Searing Ray           Conj           94%        2d7       1%          2
c - Magic Dart            Conj           100%       1d8       1%          1
d - Vampiric Draining     Necr           43%        2d9       1%          3

Your spell library contained the following spells:

 Spells                   Type           Power      Damage    Failure   Level
 Necrotise                Necr           100%       1d9       1%          1
 Animate Dead             Necr           43%        N/A       3%          4
 Summon Small Mammal      Summ           32%        N/A       8%          1
 Dazzling Flash           Conj/Hex       58%        N/A       8%          3
 Anguish                  Hex/Necr       12%        N/A       16%         4
 Call Canine Familiar     Summ           8%         N/A       22%         3
 Summon Guardian Golem    Hex/Summ       8%         N/A       22%         3
 Fulminant Prism          Conj/Hex       14%        3d9       26%         4
 Iskenderun's Mystic Bla  Conj/Tloc      29%        2d7       26%         4


Dungeon Overview and Level Annotations

Branches:
Dungeon (7/15)             Temple (1/1) D:5          Bailey (1/1)

Altars:
Ashenzari
Cheibriados
Dithmenos
Elyvilon
Fedhas
Gozag
Hepliaklqana
Kikubaaqudgha
Makhleb
Nemelex Xobeh
Okawaru
Qazlal
Ru
Sif Muna
Trog
Uskayaw
Vehumet
Wu Jian
Xom
Yredelemnul
Zin

Shops:
D:1 (   D:3 !*??   D:4 !   D:6 ?

Annotations:
D:6 1 exclusion


Innate Abilities, Weirdness & Mutations

You cannot be hasted, slowed, berserked, paralysed or teleported.
You can dig through walls and to a lower floor.
You have a pair of large antennae on your head. (SInv)
Your four strong arms can wield two-handed weapons with a shield.
You possess an exceptional clarity of mind.


Message History

Aiming: Vampiric Draining (safe; 1% risk of failure)
Press: ? - help, Shift-Dir - straight line, f/p - orc knight
Aim: an orc knight, wielding a +0 war axe and wearing a +0 ring mail (moderately wounded)
You draw life force from the orc knight.
You feel life coursing into your body.
The orc knight hits you with a +0 war axe!
Casting: Vampiric Draining (safe; 1% risk of failure)
Confirm with . or Enter, or press ? or * to list all spells.
Aiming: Vampiric Draining (safe; 1% risk of failure)
Press: ? - help, Shift-Dir - straight line, f/p - orc knight
Aim: an orc knight, wielding a +0 war axe and wearing a +0 ring mail (moderately wounded)
You draw life force from the orc knight!
You feel life coursing into your body!
The orc knight hits you with a +0 war axe!
Casting: Vampiric Draining (safe; 1% risk of failure)
Confirm with . or Enter, or press ? or * to list all spells.
Aiming: Vampiric Draining (safe; 1% risk of failure)
Press: ? - help, Shift-Dir - straight line, f/p - orc knight
Aim: an orc knight, wielding a +0 war axe and wearing a +0 ring mail (heavily wounded)
You draw life force from the orc knight.
You feel life coursing into your body.
The orc knight hits you with a +0 war axe!
Casting: Vampiric Draining (safe; 1% risk of failure)
Confirm with . or Enter, or press ? or * to list all spells.
Aiming: Vampiric Draining (safe; 1% risk of failure)
Press: ? - help, Shift-Dir - straight line, f/p - orc knight
Aim: an orc knight, wielding a +0 war axe and wearing a +0 ring mail (severely wounded)
You draw life force from the orc knight.
You feel life coursing into your body. The orc knight closely misses you.
Casting: Vampiric Draining (safe; 1% risk of failure)
Confirm with . or Enter, or press ? or * to list all spells.
Aiming: Vampiric Draining (safe; 1% risk of failure)
Press: ? - help, Shift-Dir - straight line, f/p - orc knight
Aim: an orc knight, wielding a +0 war axe and wearing a +0 ring mail (severely wounded)
You draw life force from the orc knight.
You feel life coursing into your body.
The orc knight hits you with a +0 war axe!!
You die...
Kikubaaqudgha rasps: "You have failed me!
Welcome... death!"

♣♣♣♣♣♣
♣♣♣.♣♣.♣♣♣
♣♣........♣♣
♣..........♣♣
♣...@.∩.....♣
♣...o......♣♣
♣.....∩.....♣
♣♣♣.).....♣♣♣
♣...))...♣
♣##'''##♣♣
##.)...##
#.o.....#
##.......##


You could see an orc knight.

Vanquished Creatures
  Sigmund (D:2)
  2 steam dragons
  2 black bears (D:5)
  2 orc warriors (Bailey)
  2 ogres
  A phantom (D:7)
  A kobold brigand (D:7)
  A necrophage (D:7)
  A bullfrog (D:7)
  2 scorpions
  2 howler monkeys
  3 jellies
  2 hounds
  3 orc wizards
  Natasha (thrice) (D:2)
  An iguana (D:6)
  Robin (D:2)
  9 adders
  4 gnolls (D:2)
  6 worms
  A dart slug (D:2)
  11 orcs
  5 endoplasms
  A giant cockroach (D:1)
  22 goblins
  13 hobgoblins
  2 jackals (D:2)
  7 kobolds
  5 ball pythons
  5 bats
  A frilled lizard (D:3)
  4 rats
126 creatures vanquished.

Notes
Turn   | Place    | Note
-------+----------+-------------------------------------------
     0 | D:1      | DildoBatman the Formicid Conjurer began the quest for the
                  | Orb.
     0 | D:1      | Reached XP level 1. HP: 13/13 MP: 3/3
   152 | D:1      | Found Daps's Weapon Emporium.
   390 | D:1      | Reached XP level 2. HP: 20/20 MP: 1/5
   393 | D:1      | Learned a level 2 spell: Searing Ray
   857 | D:2      | Reached skill level 1 in Fighting
   857 | D:2      | Reached skill level 1 in Armour
   857 | D:2      | Reached XP level 3. HP: 26/26 MP: 2/6
  1020 | D:2      | Noticed Natasha
  1154 | D:2      | Found an ornate altar of the Wu Jian Council.
  1187 | D:2      | Noticed Robin
  1242 | D:3      | Reached XP level 4. HP: 32/32 MP: 8/8
  1264 | D:3      | Found Wulek's Magic Scroll Boutique.
  1268 | D:3      | Bought a scroll of identify for 24 gold pieces
  1277 | D:3      | Found Popiucye's General Store.
  1433 | D:3      | Found Caixay's Distillery.
  1538 | D:3      | Found Gygaipon's Magic Scroll Emporium.
  1952 | D:3      | Identified a scroll of acquirement
  1995 | D:3      | Bought a scroll of identify for 24 gold pieces
  2086 | D:4      | Reached XP level 5. HP: 38/38 MP: 5/9
  2089 | D:4      | Found a snail-covered altar of Cheibriados.
  2163 | D:4      | Found Ceinesyp's Distillery.
  2178 | D:5      | Entered Level 5 of the Dungeon
  2227 | D:5      | Found a staircase to the Ecumenical Temple.
  2275 | Temple   | Entered the Ecumenical Temple
  2459 | Temple   | Became a worshipper of Kikubaaqudgha
  2599 | D:2      | Killed Natasha
  2660 | D:2      | Noticed Sigmund
  2665 | D:2      | Killed Sigmund
  2666 | D:2      | Reached XP level 6. HP: 36/47 MP: 5/12
  2715 | D:2      | Reached XP level 7. HP: 33/52 MP: 7/13
  2805 | D:2      | Reached * piety under Kikubaaqudgha
  2805 | D:2      | Received a gift from Kikubaaqudgha
  2810 | D:2      | Killed Robin
  2816 | D:2      | Learned a level 3 spell: Vampiric Draining
  3077 | D:2      | Noticed Natasha
  3081 | D:2      | Killed Natasha
  3082 | D:2      | Reached skill level 5 in Conjurations
  3300 | D:2      | Noticed Natasha
  3303 | D:2      | Killed Natasha
  3306 | D:2      | You fall into a shaft and drop 2 floors!
  3376 | D:3      | Bought a potion of mutation for 88 gold pieces
  3409 | D:3      | Gained mutation: You possess an exceptional clarity of
                  | mind. [potion of mutation]
  3409 | D:3      | Gained mutation: You are dopey. (Int -2) [potion of
                  | mutation]
  3409 | D:3      | Lost mutation: You are dopey. (Int -2) [potion of mutation]
  3569 | D:4      | Reached skill level 5 in Spellcasting
  3569 | D:4      | Reached skill level 1 in Necromancy
  4033 | D:5      | Reached XP level 8. HP: 58/58 MP: 9/16
  4507 | D:6      | Reached ** piety under Kikubaaqudgha
  4595 | D:6      | Found Xyklelea's Magic Scroll Shop.
  4985 | D:7      | Reached skill level 5 in Necromancy
  4985 | D:7      | Reached XP level 9. HP: 62/63 MP: 13/19
  5132 | D:7      | Found a flagged portal.
  5317 | Bailey   | Entered a bailey
  5446 | Bailey   | Noticed an orc knight
  5480 | Bailey   | Mangled by an orc knight

Illustrated notes

Levels and vault maps discovered:
D:1:      nicolae_arrival_somewhat_less_tricky_arrival, layout_basic,
          serial_shops, nicolae_shop_bloodbath_and_beyond
D:2:      layout_loops_ring, basic_altar, kennysheep_nondescript, uniq_robin,
          uniq_natasha, uniq_sigmund
D:3:      layout_basic, serial_shops, shop, shop_statue,
          nicolae_shop_statue_plus, shop
D:4:      layout_loops_ring, nicolae_overflow_hidden_temple, serial_shops,
          kennysheep_mini_moat
D:5:      layout_rooms, minmay_temple_entry_crystal_x, kennysheep_big_empty_room
D:6:      layout_layer_cave, st_stairs_4, kennysheep_windowed_goal
D:7:      layout_gridville, enter_bailey_4, nicolae_grassy_gnolls
Temple:   nicolae_temple_bog_church
Bailey:   bailey_axe_minmay_hex_keep, bailey

Skill      XL: |  1  2  3  4  5  6  7  8  9 |
---------------+----------------------------+-----
Dodging        | 2 |  2.0
Fighting       | 1 2 3 |  3.0
Armour         | 1 2 3 |  3.0
Conjurations   | 4 5 |  5.1
Spellcasting   | 3 4 5 7 |  7.0
Necromancy     | 2 5 7 |  7.6
Stealth        | |  2.4

Action                   |  1- 3 |  4- 6 |  7- 9 || total
-------------------------+-------+-------+-------++-------
Melee: Spear             |     5 |       |       ||     5
       Staff             |       |       |     2 ||     2
 Fire: Sling             |    11 |    21 |     2 ||    34
 Cast: Magic Dart        |    18 |     3 |    53 ||    74
       Searing Ray       |     9 |    21 |    47 ||    77
       Vampiric Draining |       |       |    38 ||    38
 Abil: Shaft Self        |       |       |     1 ||     1
  Use: Scroll            |       |     6 |       ||     6
       Potion            |       |       |     1 ||     1
 Stab: Sleeping          |     1 |       |       ||     1
Armor: Robe              |     2 |     1 |     2 ||     5
       Steam dragon scal |       |       |     5 ||     5
Dodge: Dodged            |     5 |     5 |    33 ||    43
